| TOP OF THE 1ST |
|
University of Michigan Wolverines batting - Pitching for University of Illinois Fighting Illini : LHP Jon Ray
|
|
Pitching: LHP Jon Ray
|
|
|
Batting: RHB Glen Limeburner
|
0-0: Called Strike 0-1: Foul Ball, location: 2F 0-2: Ball 1-2: Ball 2-2: Strikes out looking
|
|
Batting: RHB Jason Rhodes
|
0-0: Ball 1-0: Called Strike 1-1: Ground out 4-3 (Groundball, 13, EV 83.1 MPH)
|
|
Batting: LHB Adrian Navarro
|
0-0: Ball 1-0: Swinging Strike 1-1: Ball 2-1: Foul Ball, location: 2F 2-2: Foul Ball, location: 2F 2-2: Strikes out looking
|
| Top of the 1st over - 0 runs, 0 hits, 0 errors, 0 left on base; University of Michigan 0 - University of Illinois 0 |
| BOTTOM OF THE 1ST |
|
University of Illinois Fighting Illini batting - Pitching for University of Michigan Wolverines : RHP Danny Arroyo
|
|
Pitching: RHP Danny Arroyo
|
|
|
Batting: SHB Dan Strickland
|
0-0: Called Strike 0-1: Foul Ball, location: 2F 0-2: Ball 1-2: Strikes out looking
|
|
Batting: RHB Hugo Priego
|
0-0: Fly out, F8 (Flyball, 8LD, EV 99.4 MPH)
|
|
Batting: LHB Bill Kovac
|
0-0: Ball 1-0: Ball 2-0: Foul Ball, location: 2F 2-1: Ball 3-1: Foul Ball, location: 2F 3-2: Base on Balls
|
|
Batting: LHB Fumito Sakurai
|
0-0: Fly out, F8 (Flyball, 8LXD, EV 84.4 MPH)
|
| Bottom of the 1st over - 0 runs, 0 hits, 0 errors, 1 left on base; University of Michigan 0 - University of Illinois 0 |
| TOP OF THE 2ND |
|
University of Michigan Wolverines batting - Pitching for University of Illinois Fighting Illini : LHP Jon Ray
|
|
Batting: RHB Franklin Ortega
|
0-0: Swinging Strike 0-1: Ball 1-1: Ball 2-1: Foul Ball, location: 2F 2-2: Ground out 6-3 (Groundball, 6, EV 98.8 MPH)
|
|
Batting: RHB Jamie Broadhurst
|
0-0: Ball 1-0: Foul Ball, location: 2F 1-1: Called Strike 1-2: Foul Ball, location: 2F 1-2: Ball 2-2: Ball 3-2: Strikes out swinging
|
|
Batting: LHB Tony Olvera
|
0-0: Called Strike 0-1: Ball 1-1: Ground out U3 (Groundball, 3, EV 85.0 MPH)
|
| Top of the 2nd over - 0 runs, 0 hits, 0 errors, 0 left on base; University of Michigan 0 - University of Illinois 0 |
| BOTTOM OF THE 2ND |
|
University of Illinois Fighting Illini batting - Pitching for University of Michigan Wolverines : RHP Danny Arroyo
|
|
Batting: LHB Alex Rivera
|
0-0: Swinging Strike 0-1: Foul Ball, location: 2F 0-2: Ball 1-2: Foul Ball, location: 2F 1-2: Ball 2-2: Foul Ball, location: 2F 2-2: Foul Ball, location: 2F 2-2: Foul Ball, location: 2F 2-2: Foul Ball, location: 2F 2-2: Foul Ball, location: 2F 2-2: DOUBLE (Flyball, 89D, EV 108.1 MPH)
|
|
Batting: SHB Ernesto Mazas
|
0-0: Ball 1-0: Ball 2-0: SINGLE (Groundball, 6M, EV 95.6 MPH) Alex Rivera to third Runner from 3rd tries for Home, SAFE, throw by CF to home
|
|
Batting: LHB Javy Rueda
|
0-0: Ball 1-0: Called Strike 1-1: Foul Ball, location: 2F 1-2: Grounds into double play, 4-6-3 (Groundball, 4S, EV 81.9 MPH)
|
|
Batting: RHB Fernando Acosta
|
0-0: Ball 1-0: Ball 2-0: Foul Ball, location: 2F 2-1: Ball 3-1: Called Strike 3-2: Strikes out swinging
|
| Bottom of the 2nd over - 1 run, 2 hits, 0 errors, 0 left on base; University of Michigan 0 - University of Illinois 1 |
| TOP OF THE 3RD |
|
University of Michigan Wolverines batting - Pitching for University of Illinois Fighting Illini : LHP Jon Ray
|
|
Batting: RHB Dave Guevara
|
0-0: Foul Ball, location: 2F 0-1: Foul Ball, location: 2F 0-2: Foul Ball, location: 2F 0-2: Ball 1-2: Foul Ball, location: 2F 1-2: Strikes out looking
|
|
Batting: LHB Gabe Morales
|
0-0: Called Strike 0-1: Called Strike 0-2: Ball 1-2: Foul Ball, location: 2F 1-2: Strikes out swinging
|
|
Batting: RHB Esteban Rangel
|
0-0: Called Strike 0-1: Called Strike 0-2: Ball 1-2: Foul Ball, location: 2F 1-2: Ball 2-2: Ground out 6-3 (Groundball, 6, EV 80.6 MPH)
|
| Top of the 3rd over - 0 runs, 0 hits, 0 errors, 0 left on base; University of Michigan 0 - University of Illinois 1 |
| BOTTOM OF THE 3RD |
|
University of Illinois Fighting Illini batting - Pitching for University of Michigan Wolverines : RHP Danny Arroyo
|
|
Batting: RHB Oscar Ramirez
|
0-0: Foul Ball, location: 2F 0-1: Ball 1-1: Foul Ball, location: 2F 1-2: Ball 2-2: Ground out 6-3 (Groundball, 6, EV 93.1 MPH)
|
|
Batting: SHB Dan Strickland
|
0-0: Ball 1-0: Swinging Strike 1-1: SINGLE (Flyball, 78S, EV 98.8 MPH)
|
|
Batting: RHB Hugo Priego
|
0-0: Ball Dan Strickland steals 2nd base 1-0: Ball 2-0: Ball 3-0: Called Strike 3-1: Swinging Strike 3-2: Foul Ball, location: 2F 3-2: Fly out, F7 (Flyball, 7, EV 83.1 MPH)
|
|
Batting: LHB Bill Kovac
|
0-0: Hit by Pitch
|
|
Batting: LHB Fumito Sakurai
|
0-0: Ball 1-0: Swinging Strike 1-1: Ball 2-1: Ball 3-1: Base on Balls Dan Strickland to third Bill Kovac to second
|
|
Batting: LHB Alex Rivera
|
0-0: Ball 1-0: Foul Ball, location: 2F 1-1: Foul Ball, location: 2F 1-2: Foul Ball, location: 2F 1-2: Ball 2-2: Fly out, F8 (Flyball, 8LD, EV 103.8 MPH)
|
| Bottom of the 3rd over - 0 runs, 1 hit, 0 errors, 3 left on base; University of Michigan 0 - University of Illinois 1 |
| TOP OF THE 4TH |
|
University of Michigan Wolverines batting - Pitching for University of Illinois Fighting Illini : LHP Jon Ray
|
|
Batting: RHB Glen Limeburner
|
0-0: Called Strike 0-1: Called Strike 0-2: Ball 1-2: Strikes out swinging
|
|
Batting: RHB Jason Rhodes
|
0-0: Ball 1-0: Swinging Strike 1-1: Foul Ball, location: 2F 1-2: Ball 2-2: Strikes out looking
|
|
Batting: LHB Adrian Navarro
|
0-0: Ball 1-0: Ball 2-0: Foul Ball, location: 2F 2-1: Called Strike 2-2: Ball 3-2: Base on Balls
|
|
Batting: RHB Franklin Ortega
|
0-0: Ball 1-0: Ball 2-0: Foul Ball, location: 2F 2-1: Foul Ball, location: 2F 2-2: Strikes out swinging
|
| Top of the 4th over - 0 runs, 0 hits, 0 errors, 1 left on base; University of Michigan 0 - University of Illinois 1 |
| BOTTOM OF THE 4TH |
|
University of Illinois Fighting Illini batting - Pitching for University of Michigan Wolverines : RHP Danny Arroyo
|
|
Batting: SHB Ernesto Mazas
|
0-0: SOLO HOME RUN (Line Drive, 89XD, EV 103.8 MPH), Distance : 425 ft
|
|
Batting: LHB Javy Rueda
|
0-0: Foul Ball, location: 2F 0-1: Ball 1-1: Ball 2-1: Swinging Strike 2-2: Strikes out swinging
|
|
Batting: RHB Fernando Acosta
|
0-0: SINGLE (Line Drive, 8LS, EV 100.0 MPH)
|
|
Batting: RHB Oscar Ramirez
|
0-0: Ball 1-0: SINGLE (Line Drive, 3D, EV 103.8 MPH) Fernando Acosta to second
|
|
Batting: SHB Dan Strickland
|
0-0: Called Strike 0-1: Ball 1-1: Swinging Strike 1-2: Foul Ball, location: 2F 1-2: Ball 2-2: Foul Ball, location: 2F 2-2: SINGLE (Line Drive, 34D, EV 105.0 MPH) Fernando Acosta to third Oscar Ramirez to second
|
|
Batting: RHB Hugo Priego
|
0-0: Ball 1-0: GRAND SLAM HOME RUN (Flyball, 7LD, EV 96.2 MPH), Distance : 349 ft
|
|
Pitching: RHP Marshall Laurence
|
|
|
Batting: LHB Bill Kovac
|
0-0: Called Strike 0-1: Ball 1-1: Swinging Strike 1-2: Strikes out swinging
|
|
Batting: LHB Fumito Sakurai
|
0-0: Ball 1-0: Foul Ball, location: 2F 1-1: Ball 2-1: Ground out U3 (Groundball, 3L, EV 88.1 MPH)
|
| Bottom of the 4th over - 5 runs, 5 hits, 0 errors, 0 left on base; University of Michigan 0 - University of Illinois 6 |
| TOP OF THE 5TH |
|
University of Michigan Wolverines batting - Pitching for University of Illinois Fighting Illini : LHP Jon Ray
|
|
Batting: RHB Jamie Broadhurst
|
0-0: Ball 1-0: Called Strike 1-1: Swinging Strike 1-2: Strikes out looking
|
|
Batting: LHB Tony Olvera
|
0-0: Ground out 3-1 (Groundball, 34, EV 103.1 MPH)
|
|
Batting: RHB Dave Guevara
|
0-0: Ball 1-0: Swinging Strike 1-1: Ball 2-1: Ball 3-1: SINGLE (Line Drive, 8LS, EV 103.8 MPH)
|
|
Batting: LHB Gabe Morales
|
0-0: Called Strike 0-1: Ball 1-1: Fly out, F9 (Flyball, 89S, EV 93.1 MPH)
|
| Top of the 5th over - 0 runs, 1 hit, 0 errors, 1 left on base; University of Michigan 0 - University of Illinois 6 |
| BOTTOM OF THE 5TH |
|
University of Illinois Fighting Illini batting - Pitching for University of Michigan Wolverines : RHP Marshall Laurence
|
|
Batting: LHB Alex Rivera
|
0-0: Called Strike 0-1: Called Strike 0-2: Ball 1-2: Ball 2-2: Foul Ball, location: 2F 2-2: Ball 3-2: Base on Balls
|
|
Batting: SHB Ernesto Mazas
|
0-0: Ball 1-0: Ball 2-0: Foul Ball, location: 2F 2-1: Ball 3-1: Base on Balls Alex Rivera to second
|
|
Batting: LHB Javy Rueda
|
0-0: Ball 1-0: Ball 2-0: Fly out, F1 (Line Drive, P, EV 63.1 MPH)
|
|
Batting: RHB Fernando Acosta
|
0-0: Ball 1-0: Called Strike 1-1: Ball 2-1: Foul Ball, location: 2F 2-2: Ball 3-2: Base on Balls Alex Rivera to third Ernesto Mazas to second
|
|
Batting: RHB Oscar Ramirez
|
0-0: SINGLE (Line Drive, 4M, EV 95.0 MPH) Alex Rivera scores Ernesto Mazas to third Fernando Acosta to second Runner from 3rd tries for Home, SAFE, throw by CF to home
|
|
Batting: SHB Dan Strickland
|
0-0: Ball 1-0: Ball 2-0: Called Strike 2-1: Ball 3-1: Foul Ball, location: 2F 3-2: Fly out, F7 (Flyball, 78M, EV 88.8 MPH)
|
|
Batting: RHB Hugo Priego
|
0-0: Ball 1-0: Ground out 4-3 (Groundball, 4, EV 87.5 MPH)
|
| Bottom of the 5th over - 2 runs, 1 hit, 0 errors, 2 left on base; University of Michigan 0 - University of Illinois 8 |
| TOP OF THE 6TH |
|
University of Michigan Wolverines batting - Pitching for University of Illinois Fighting Illini : LHP Jon Ray
|
|
Batting: RHB Esteban Rangel
|
0-0: Called Strike 0-1: Swinging Strike 0-2: Ball 1-2: Strikes out swinging
|
|
Pitching: RHP Jim Tremel
|
|
|
Batting: RHB Glen Limeburner
|
0-0: Ball 1-0: Called Strike 1-1: Called Strike 1-2: Ball 2-2: Ground out 5-3 (Groundball, 5L, EV 83.1 MPH)
|
|
Batting: RHB Jason Rhodes
|
0-0: Ball 1-0: Foul Ball, location: 2F 1-1: SOLO HOME RUN (Flyball, 78XD, EV 109.4 MPH), Distance : 421 ft
|
|
Batting: LHB Adrian Navarro
|
0-0: Ball 1-0: Ball 2-0: Ball 3-0: Base on Balls
|
|
Batting: RHB Franklin Ortega
|
0-0: Ball 1-0: Ball 2-0: Called Strike 2-1: Foul Ball, location: 2F 2-2: Ball 3-2: Base on Balls Adrian Navarro to second
|
|
Batting: RHB Jamie Broadhurst
|
0-0: Ball 1-0: Foul Ball, location: 2F 1-1: Swinging Strike 1-2: Ball 2-2: Foul Ball, location: 2F 2-2: Foul Ball, location: 2F 2-2: Foul Ball, location: 2F 2-2: Ball 3-2: Strikes out looking
|
| Top of the 6th over - 1 run, 1 hit, 0 errors, 2 left on base; University of Michigan 1 - University of Illinois 8 |
| BOTTOM OF THE 6TH |
|
University of Illinois Fighting Illini batting - Pitching for University of Michigan Wolverines : RHP Marshall Laurence
|
|
Pitching: RHP Ricky Mendoza
|
|
|
Batting: LHB Bill Kovac
|
0-0: Called Strike 0-1: Ball 1-1: Fly out, F8 (Flyball, 8RD, EV 96.2 MPH)
|
|
Batting: LHB Fumito Sakurai
|
0-0: Called Strike 0-1: Ball 1-1: Ball 2-1: Ball 3-1: Base on Balls
|
|
Batting: LHB Alex Rivera
|
0-0: Ball 1-0: Ball 2-0: Ball 3-0: Base on Balls Fumito Sakurai to second
|
|
Batting: SHB Ernesto Mazas
|
0-0: Called Strike 0-1: Foul Ball, location: 2F 0-2: Ball 1-2: Fielders Choice at 2nd, 6-4 (Groundball, 6, EV 77.5 MPH) Fumito Sakurai to third
|
|
Batting: LHB Javy Rueda
|
0-0: Ball 1-0: Ball 2-0: Swinging Strike 2-1: Foul Ball, location: 2F 2-2: Ball 3-2: Strikes out swinging
|
| Bottom of the 6th over - 0 runs, 0 hits, 0 errors, 2 left on base; University of Michigan 1 - University of Illinois 8 |
| TOP OF THE 7TH |
|
University of Michigan Wolverines batting - Pitching for University of Illinois Fighting Illini : RHP Jim Tremel
|
|
Now at 1B: Clint Hanninen
|
|
|
Batting: LHB Tony Olvera
|
0-0: Foul Ball, location: 2F 0-1: Ball 1-1: Foul Ball, location: 2F 1-2: Ball 2-2: Fly out, F8 (Line Drive, 8LM, EV 87.5 MPH)
|
|
Batting: RHB Dave Guevara
|
0-0: Called Strike 0-1: Ball 1-1: Called Strike 1-2: Ball 2-2: Strikes out swinging
|
|
Batting: LHB Gabe Morales
|
0-0: Called Strike 0-1: Ball 1-1: Ball 2-1: Foul Ball, location: 2F 2-2: Ball 3-2: Foul Ball, location: 2F 3-2: Foul Ball, location: 2F 3-2: Foul Ball, location: 2F 3-2: DOUBLE (Line Drive, 7LM, EV 113.1 MPH)
|
|
Pitching: LHP Antonio Sandoval
|
|
|
Batting: RHB Esteban Rangel
|
0-0: Called Strike 0-1: Ball 1-1: DOUBLE (Line Drive, 89XD, EV 102.5 MPH) Gabe Morales scores
|
|
Batting: RHB Glen Limeburner
|
0-0: Called Strike 0-1: Called Strike 0-2: Ball 1-2: Ball 2-2: Strikes out swinging
|
| Top of the 7th over - 1 run, 2 hits, 0 errors, 1 left on base; University of Michigan 2 - University of Illinois 8 |
| BOTTOM OF THE 7TH |
|
University of Illinois Fighting Illini batting - Pitching for University of Michigan Wolverines : RHP Ricky Mendoza
|
|
Batting: RHB Fernando Acosta
|
0-0: Ground out 6-3 (Groundball, 6, EV 97.5 MPH)
|
|
Batting: RHB Oscar Ramirez
|
0-0: Hit by Pitch
|
|
Pitching: RHP Mike Echegoyen
|
|
|
Batting: SHB Dan Strickland
|
0-0: Ball 1-0: Ball 2-0: Foul Ball, location: 2F 2-1: Called Strike 2-2: Foul Ball, location: 2F 2-2: Strikes out swinging
|
|
Batting: RHB Hugo Priego
|
0-0: Called Strike 0-1: Foul Ball, location: 2F 0-2: Strikes out swinging
|
| Bottom of the 7th over - 0 runs, 0 hits, 0 errors, 1 left on base; University of Michigan 2 - University of Illinois 8 |
| TOP OF THE 8TH |
|
University of Michigan Wolverines batting - Pitching for University of Illinois Fighting Illini : LHP Antonio Sandoval
|
|
Batting: RHB Jason Rhodes
|
0-0: Called Strike 0-1: Foul Ball, location: 2F 0-2: Ground out 5-3 (Groundball, 56, EV 83.8 MPH)
|
|
Batting: LHB Adrian Navarro
|
0-0: SOLO HOME RUN (Flyball, 9D, EV 99.4 MPH), Distance : 369 ft
|
|
Batting: RHB Franklin Ortega
|
0-0: Called Strike 0-1: Called Strike 0-2: Ball 1-2: Ball 2-2: Strikes out swinging
|
|
Batting: RHB Jamie Broadhurst
|
0-0: Ball 1-0: Ball 2-0: Foul Ball, location: 2F 2-1: Ball 3-1: Base on Balls
|
|
Pitching: RHP Roger Whitaker
|
|
|
Batting: LHB Tony Olvera
|
0-0: Foul Ball, location: 2F 0-1: Ball 1-1: SINGLE (Groundball, 4MD, EV 104.4 MPH) Jamie Broadhurst to second
|
|
Batting: RHB Dave Guevara
|
0-0: Called Strike 0-1: Ground out 3-1 (Groundball, 34, EV 106.2 MPH)
|
| Top of the 8th over - 1 run, 2 hits, 0 errors, 2 left on base; University of Michigan 3 - University of Illinois 8 |
| BOTTOM OF THE 8TH |
|
University of Illinois Fighting Illini batting - Pitching for University of Michigan Wolverines : RHP Mike Echegoyen
|
|
Batting: LHB Bill Kovac
|
0-0: Ball 1-0: Ball 2-0: Ball 3-0: Base on Balls
|
|
Batting: LHB Fumito Sakurai
|
0-0: Ball 1-0: SINGLE (Groundball, 6S, EV 98.8 MPH) Bill Kovac to second
|
|
Batting: LHB Alex Rivera
|
0-0: Ball 1-0: Ball 2-0: Called Strike 2-1: Ball Wild Pitch! Bill Kovac to third Fumito Sakurai to second 3-1: Called Strike 3-2: Foul Ball, location: 2F 3-2: Foul Ball, location: 2F 3-2: Base on Balls
|
|
Pitching: RHP Steve Child
|
|
|
Batting: SHB Ernesto Mazas
|
0-0: SINGLE (Groundball, 6D, EV 96.9 MPH) Bill Kovac scores Fumito Sakurai to third Alex Rivera to second
|
|
Batting: LHB Clint Hanninen
|
0-0: Called Strike 0-1: Ball 1-1: Ball 2-1: Fielders Choice at 2nd, 4-6 (Groundball, 4M, EV 94.4 MPH) Fumito Sakurai scores Alex Rivera to third
|
|
Pinch Hitting: RHB Alejandro Collazo
|
0-0: Ball 1-0: Foul Ball, location: 2F 1-1: Grounds into double play, 6-4-3 (Groundball, 6, EV 88.1 MPH)
|
| Bottom of the 8th over - 2 runs, 2 hits, 0 errors, 1 left on base; University of Michigan 3 - University of Illinois 10 |
| TOP OF THE 9TH |
|
University of Michigan Wolverines batting - Pitching for University of Illinois Fighting Illini : RHP Roger Whitaker
|
|
Now at SS: Alejandro Collazo
|
|
|
Pinch Hitting: RHB Justin Young
|
0-0: Called Strike 0-1: Foul Ball, location: 2F 0-2: Ball 1-2: Ball 2-2: Foul Ball, location: 2F 2-2: Strikes out looking
|
|
Batting: RHB Esteban Rangel
|
0-0: Ball 1-0: Called Strike 1-1: Foul Ball, location: 2F 1-2: Hit by Pitch
|
|
Pinch Hitting: RHB Edwin Nunez
|
0-0: Ball 1-0: Swinging Strike 1-1: Ball 2-1: SINGLE (Flyball, 56D, EV 81.9 MPH) Esteban Rangel to second
|
|
Batting: RHB Jason Rhodes
|
0-0: Grounds into double play, 5-4-3 (Groundball, 56, EV 79.4 MPH)
|
| Top of the 9th over - 0 runs, 1 hit, 0 errors, 1 left on base; University of Michigan 3 - University of Illinois 10 |
|